 Dungeon Crawl Stone Soup version 0.25.1-2-g60ff931df9 (webtiles) character file.

Game seed: 13816442619855257349

10733 Curus the Basher (level 11, -3/102 HPs)
             Began as a Gargoyle Berserker on Aug 8, 2020.
             Was a High Priest of Trog.
             Slain by a bog body (14 damage)
             ... on level 2 of the Lair of Beasts.
             The game lasted 00:50:29 (10117 turns).

Curus the Basher (Gargoyle Berserker)              Turns: 10117, Time: 00:50:30

Health: -3/102     AC: 24    Str: 22    XL:     11   Next: 66%
Magic:  20/20      EV:  9    Int:  9    God:    Trog [*****.]
Gold:   375        SH:  0    Dex: 12    Spells: 10/10 levels left

rFire    + . .     SeeInvis .   H - +4 great mace (vorpal)
rCold    . . .     Gourm    .   (shield currently unavailable)
rNeg     + . .     Faith    .   h - +0 chain mail
rPois    ∞         Spirit   .   (no helmet)
rElec    +         Reflect  .   i - scarf {+Inv}
rCorr    +         Harm     .   k - +0 pair of gloves
MR       .....                  z - +0 pair of boots
Stlth    ..........             x - amulet of regeneration
HPRegen  0.67/turn              I - ring "Ecedwac" {MP+9 Int+2}
MPRegen  0.17/turn              y - ring of resist corrosion

@: berserking, slowed, studying Fighting
A: yellow scales 1, fire resistance 1, frail 1, negative energy resistance 1,
electricity resistance, unbreathing, petrification resistance, rot immunity, AC
+8
a: Berserk, Trog's Hand, Brothers in Arms, Renounce Religion, Evoke Invisibility


You were on level 2 of the Lair of Beasts.
You worshipped Trog.
Trog was extremely pleased with you.
You were very hungry.

You visited 2 branches of the dungeon, and saw 10 of its levels.
You also visited: Sewer.

You collected 465 gold pieces.
You spent 90 gold pieces at shops.

Inventory:

Hand Weapons
 a - a +4 mace
 r - a +0 flail
 G - a +0 morningstar
 H - a +4 vorpal great mace (weapon)
Armour
 b - a +1 animal skin
 h - a +0 chain mail (worn)
 i - a scarf of invisibility (worn)
 k - a +0 pair of gloves (worn)
 z - a +0 pair of boots (worn)
 B - a +0 buckler
Jewellery
 m - an uncursed amulet of reflection
 o - a -4 ring of strength
 v - an uncursed ring of see invisible
 x - an amulet of regeneration (around neck)
 y - a ring of resist corrosion (right hand)
 D - the ring of Dishonesty {rPois Stlth+}
   (You found it on level 1 of the Lair of Beasts)

   [ring of stealth]

   It protects you from poison.
   It makes you more stealthy.
 I - the ring "Ecedwac" (left hand) {MP+9 Int+2}
   (You found it on level 2 of the Lair of Beasts)

   [ring of magical power]

   It affects your intelligence (+2).
   It affects your magic capacity (+9).
Wands
 u - a wand of flame (44)
 A - a wand of disintegration (3)
 E - a wand of iceblast (6)
 F - a wand of acid (7)
Scrolls
 d - 7 scrolls of teleportation
 e - 15 scrolls of identify
 g - 6 scrolls of remove curse
 j - 3 scrolls of magic mapping
 l - 3 scrolls of fog
 n - 3 scrolls of blinking
 w - a scroll of fear
 J - a scroll of enchant weapon
Potions
 f - 6 potions of curing
 p - 2 potions of flight
 s - 2 potions of haste
 t - a potion of cancellation
 C - a potion of berserk rage
Books
 q - a manual of Fighting
Comestibles
 c - 16 rations


   Skills:
 + Level 12.6 Fighting
 - Level 13.8 Maces & Flails
 + Level 9.2 Armour
 - Level 1.5 Dodging


You had 10 spell levels left.
You didn't know any spells.
Your spell library was empty.

Dungeon Overview and Level Annotations

Branches:
Dungeon (8/15)             Temple (0/1) D:7            Lair (2/6) D:8
  Sewer (visited)
  Swamp: Lair:2-4    Shoals: Lair:2-4     Snake: Lair:2-4    Spider: Lair:2-4

Altars:
Cheibriados
Kikubaaqudgha
Nemelex Xobeh
Uskayaw
Xom
Yredelemnul
Zin

Shops:
D:7 =   D:8 ?


Innate Abilities, Weirdness & Mutations

You are resistant to torment.
Your stone body is resilient. (AC +8)
You are immune to poison.
You resist negative energy. (rN+)
You are resistant to electric shocks. (rElec)
You can survive without breathing.
You are immune to petrification.
You are immune to rotting.
You are partially covered in yellow scales. (AC +2)
Your flesh is heat resistant. (rF+)
You are frail. (-10% HP)


Message History

You feel yourself slow down.
There is a fountain of clear blue water here.
The bog body points at you and mumbles some strange words.
You resist with some effort. The bog body hits you.
The bog body barely misses you.
The bog body points at you and mumbles some strange words.
The bolt of cold hits you!
* * * LOW HITPOINT WARNING * * *
You barely miss the bog body. The bog body casts a spell at you.
The bolt of cold hits you!
* * * LOW HITPOINT WARNING * * *
A red film seems to cover your vision as you go berserk!
You feel yourself moving faster!
You feel mighty!
You are feeling very hungry.
The bog body hits you but does no damage.
The bog body touches you.
* * * LOW HITPOINT WARNING * * *
The bog body freezes you!
You die...

.......................##...#
..#....................##...#
.#..........................#
P##....................##...#
####...♣...............#....##
# #♣♣♣♣♣♣♣♣...........##....#
♣ ♣♣♣♣ ....#.......##
♣≈≈≈♣♣♣...........##
♣.n@..⌠...........#
♣...♣...⌠..........P#
≈≈≈≈≈≈≈♣♣♣.†.........##
♣♣♣♣♣♣♣♣..............#
....................
.(........$.........
.#..###...........?. #..
#.............. ...
#...............


You could see a bog body.

Vanquished Creatures
  Erica (Lair:1)
  2 elephants (Lair:2)
  A black mamba (Lair:1)
  Joseph (Lair:1)
  2 spiny frogs
  A queen bee (Lair:2)
  2 blink frogs (Lair:2)
  A hornet (D:8)
  A bog body (Lair:2)
  2 hippogriffs (Lair:2)
  Eustachio (D:5)
  8 yaks
  A hungry ghost (D:7)
  A steam dragon (Lair:2)
  A basilisk (Lair:2)
  2 water moccasins
  A porcupine (Lair:1)
  An ice beast (D:5)
  2 black bears
  5 ogres
  4 centaurs
  6 wolves
  3 crocodiles
  Blork the orc (D:6)
  4 bullfrogs
  3 gnoll sergeants (D:6)
  A water moccasin skeleton (D:8)
  3 scorpions
  27 killer bees (Lair:2)
  2 crimson imps
  9 hounds
  2 gnoll shamans
  3 orc priests
  A bullfrog skeleton (D:4)
  4 iguanas
  A hell rat (Lair:2)
  7 worker ants
  A hound skeleton (D:8)
  26 gnolls
  6 adders
  2 river rats
  2 shadow imps (D:5)
  An ooze (D:4)
  An adder zombie (D:8)
  4 dart slugs
  7 leopard geckos
  16 orcs
  7 ball pythons
  7 giant cockroaches
  4 goblins
  5 hobgoblins
  12 jackals
  3 quokkas
  8 bats
  13 frilled lizards
  7 kobolds
  A quokka skeleton (D:4)
  19 rats
  A spectral orc (D:7)
271 creatures vanquished.

Vanquished Creatures (others)
  2 fungi
2 creatures vanquished.

Grand Total: 273 creatures vanquished

Notes
Turn   | Place    | Note
-------+----------+-------------------------------------------
     0 | D:1      | Curus the Gargoyle Berserker began the quest for the Orb.
     0 | D:1      | Reached XP level 1. HP: 14/14 MP: 1/1
   510 | D:1      | Reached XP level 2. HP: 17/19 MP: 2/2
  1003 | D:1      | Reached skill level 4 in Maces & Flails
  1112 | D:2      | Reached XP level 3. HP: 23/23 MP: 3/3
  1206 | D:2      | Reached ** piety under Trog
  2100 | D:3      | Reached XP level 4. HP: 17/28 MP: 4/4
  2117 | D:3      | Reached skill level 5 in Maces & Flails
  2134 | D:3      | Reached XP level 5. HP: 12/32 MP: 5/5
  2462 | D:3      | Gained mutation: Your flesh is heat resistant. (rF+)
                  | [potion of mutation]
  2462 | D:3      | Gained mutation: You are frail. (-10% HP) [potion of
                  | mutation]
  2462 | D:3      | Gained mutation: You are partially covered in yellow
                  | scales. (AC +2) [potion of mutation]
  2899 | D:4      | Noticed an ogre
  2910 | D:4      | Killed an ogre
  2910 | D:4      | Reached skill level 6 in Maces & Flails
  2910 | D:4      | Reached XP level 6. HP: 7/33 MP: 6/6
  2914 | D:4      | Reached *** piety under Trog
  3046 | D:4      | Reached skill level 7 in Maces & Flails
  3172 | D:4      | Found a glowing drain.
  3197 | Sewer    | Entered a sewer
  4002 | D:4      | Found a glowing silver altar of Zin.
  4002 | D:4      | Noticed an angel
  4173 | D:5      | Entered Level 5 of the Dungeon
  4213 | D:5      | Reached XP level 7. HP: 36/36 MP: 7/7
  4253 | D:5      | Found a hide-covered altar of Uskayaw.
  4316 | D:4      | Found a shimmering altar of Xom.
  4389 | D:5      | Reached **** piety under Trog
  4471 | D:5      | Reached skill level 8 in Maces & Flails
  4547 | D:5      | Noticed Eustachio
  4557 | D:5      | Killed Eustachio
  4686 | D:5      | Reached skill level 9 in Maces & Flails
  4783 | D:5      | Reached XP level 8. HP: 41/41 MP: 8/8
  5026 | D:6      | Noticed Blork the orc
  5040 | D:6      | Reached skill level 10 in Maces & Flails
  5051 | D:6      | Killed Blork the orc
  5414 | D:6      | Reached skill level 11 in Maces & Flails
  5682 | D:6      | Reached XP level 9. HP: 45/45 MP: 9/9
  6129 | D:6      | Found an ancient bone altar of Kikubaaqudgha.
  6167 | D:6      | Reached skill level 12 in Maces & Flails
  6364 | D:7      | Found a staircase to the Ecumenical Temple.
  6440 | D:7      | Reached ***** piety under Trog
  6661 | D:7      | Found a sparkling altar of Nemelex Xobeh.
  7082 | D:7      | Found Cawior's Jewellery Shoppe.
  7329 | D:7      | Found a basalt altar of Yredelemnul.
  7498 | D:8      | Noticed a hornet
  7511 | D:8      | Killed a hornet
  7511 | D:8      | Reached skill level 13 in Maces & Flails
  7979 | D:8      | Reached XP level 10. HP: 50/50 MP: 10/10
  8138 | D:8      | Found Fymich's Magic Scroll Shop.
  8174 | D:8      | Bought a scroll of blinking for 90 gold pieces
  8315 | D:8      | Found a staircase to the Lair.
  8326 | Lair:1   | Entered Level 1 of the Lair of Beasts
  8449 | Lair:1   | Noticed a black mamba
  8483 | Lair:1   | Killed a black mamba
  8483 | Lair:1   | Reached skill level 5 in Fighting
  8583 | Lair:1   | Got a brightly glowing lapis lazuli ring
  8585 | Lair:1   | Identified the ring of Dishonesty {rPois Stlth+} (You found
                  | it on level 1 of the Lair of Beasts)
  8656 | Lair:1   | Noticed a spiny frog
  8664 | Lair:1   | Killed a spiny frog
  8710 | Lair:1   | Noticed Joseph
  8738 | Lair:1   | Killed Joseph
  8799 | Lair:1   | Reached skill level 5 in Armour
  8980 | Lair:1   | Noticed Erica
  9001 | Lair:1   | Killed Erica
  9078 | Lair:1   | Found a snail-covered altar of Cheibriados.
  9431 | Lair:2   | Noticed a spiny frog
  9436 | Lair:2   | Killed a spiny frog
  9436 | Lair:2   | Reached XP level 11. HP: 64/64 MP: 11/11
  9506 | Lair:2   | Reached skill level 10 in Fighting
  9658 | Lair:2   | Received a gift from Trog
  9760 | Lair:2   | Got a twitching lapis lazuli ring
  9791 | Lair:2   | Identified the ring "Ecedwac" {MP+9 Int+2} (You found it on
                  | level 2 of the Lair of Beasts)
 10117 | Lair:2   | Slain by a bog body

Illustrated notes

Levels and vault maps discovered:
D:1:      erik_arrival_triangle_small, layout_loops_ring
D:2:      layout_basic, first_ration
D:3:      layout_basic
D:4:      lemuel_upstairs_altar, layout_basic, zin_angel,
          gup_sewer_entry_bubbles
D:5:      layout_loops_cross, nicolae_overflow_hidden_temple,
          minmay_manual_macuahuitl, uniq_eustachio
D:6:      layout_cave_pools, kiku_gazebo_garden_becter, serial_gnoll_camp,
          gnoll_camp_mini_doghouse, gnoll_camp_mini_doghouse,
          gnoll_camp_huts_basic, gnoll_camp_mini_house, uniq_blork_the_orc
D:7:      layout_basic, yredelemnul_forgotten_temple_becter,
          lemuel_doored_altar, minmay_temple_entry_grid, serial_shops,
          nicolae_shop_window_shopping
D:8:      layout_loops_cross, grunt_temple_overflow_champion_of_chaos,
          dpeg_oklobed_lair, serial_shops, shop
Lair:1:   layout_roguey, basic_altar, serial_bayou_shore_a, uniq_joseph,
          uniq_erica
Lair:2:   regret_index_combs_of_tragedy, layout_gridlike,
          nicolae_swamp_entry_splash_gauntlet, dummy_spider_entry

Skill      XL: |  1  2  3  4  5  6  7  8  9 10 11 |
---------------+----------------------------------+-----
Maces & Flails | 4 5 6 7 9 11 13 | 13.8
Fighting       | 9 12 | 12.6
Armour         | 6 9 |  9.2
Dodging        | |  1.5

Action                   |  1- 3 |  4- 6 |  7- 9 | 10-12 || total
-------------------------+-------+-------+-------+-------++-------
Melee: Mace              |   103 |   212 |    88 |       ||   403
       Flail             |       |       |   372 |   211 ||   583
       Morningstar       |       |       |       |    99 ||    99
       Great mace        |       |       |       |   113 ||   113
Invok: Berserk           |       |     2 |     2 |     5 ||     9
       Trog's Hand       |       |     1 |       |       ||     1
Evoke: Wand              |       |       |       |     1 ||     1
  Use: Scroll            |    11 |     5 |     1 |     1 ||    18
       Potion            |     5 |     4 |     5 |     1 ||    15
 Stab: Sleeping          |     1 |       |       |       ||     1
  Eat: Chunk             |     3 |    10 |    20 |     8 ||    41
       Ration            |       |       |       |     1 ||     1
Armor: Animal skin       |    34 |    10 |       |       ||    44
       Chain mail        |       |    96 |   297 |   329 ||   722
Dodge: Dodged            |    57 |   120 |   151 |   199 ||   527
Block: Other             |       |    18 |   106 |     2 ||   126
       Reflection        |       |       |     2 |       ||     2
       Buckler           |       |       |       |    45 ||    45
